 Dungeon Crawl Stone Soup version 0.28-a0-2-g643f2454ad (webtiles) character file.

Game seed: 2419659157545451920

7496 lunkers the Covert (level 10, -7/80 HPs)
             Began as a Vampire Delver on July 22, 2021.
             Was an Initiate of Gozag.
             Mangled by a gnoll sergeant (11 damage)
             ... on level 10 of the Dungeon on July 23, 2021.
             The game lasted 00:20:10 (9305 turns).

lunkers the Covert (Vampire Delver)                 Turns: 9305, Time: 00:20:10

Health: -7/80      AC:  7    Str: 10    XL:     10   Next: 95%
Magic:  10/10      EV: 14    Int: 16    God:    Gozag
Gold:   4840       SH: 12    Dex: 17    Spells: 9/9 levels left

rFire   . . .      SeeInvis +   b - +6 trident (drain)
rCold   + . .      Faith    .   s - +2 buckler
rNeg    . . .      Spirit   .   u - +0 ring mail
rPois   .          Reflect  +   y - +1 helmet
rElec   .          Harm     .   (no cloak)
rCorr   +          Rampage  .   (no gloves)
Will    +....                   (no boots)
Stlth   ++++......              M - amulet "Losa" {Reflect +Inv rCorr Str-3 Int+3 SH+5}
HPRegen 0.43/turn               k - ring of flight
MPRegen 0.12/turn               N - ring of protection from cold

@: about to teleport, gold aura, flying, healing quickly
A: alive, fangs 3, see invisible, vampiric 2
a: Exsanguinate, Renounce Religion, Evoke Invisibility, Potion Petition, Call
Merchant, Bribe Branch


You were on level 10 of the Dungeon.
You worshipped Gozag.
Gozag was most pleased with you.
You visited 2 branches of the dungeon, and saw 11 of its levels.
You also visited: Bailey.

You collected 4889 gold pieces.
You paid 49 gold pieces to Gozag.

Inventory:

Hand Weapons
 a - the +7 spear of Turmoil {drain, rF+ rC- Dex+5}
   (You found it on level 4 of the Dungeon)

   A truly terrible weapon, it drains the life of any living foe it strikes.
   Dex:       It affects your dexterity (+5).
   rF:        It protects you from fire.
   rC:        It makes you vulnerable to cold.
 b - a +6 trident of draining (weapon)
 L - a +2 trident of protection
Missiles
 K - 62 boomerangs
Armour
 s - a +2 buckler (worn)
 u - a +0 ring mail (worn)
 y - a +1 helmet (worn)
 O - a +2 kite shield
Jewellery
 k - a ring of flight (left hand)
 q - an amulet of the acrobat
 M - the amulet "Losa" (around neck) {Reflect +Inv rCorr Str-3 Int+3 SH+5}
   (You acquired it in a bailey)

   [amulet of reflection]

   It reflects blocked missile attacks.
   Str:       It affects your strength (-3).
   Int:       It affects your intelligence (+3).
   +Inv:      It lets you turn invisible.
   rCorr:     It protects you from acid and corrosion.
   SH:        It affects your SH (+5).
 N - a ring of protection from cold (right hand)
Wands
 g - a wand of digging (11)
 v - a wand of flame (20)
 w - a wand of acid (5)
 S - a wand of polymorph (6)
Scrolls
 c - 4 scrolls of fog
 d - 2 scrolls of magic mapping
 e - a scroll of fear
 l - 2 scrolls of enchant armour
 n - 7 scrolls of teleportation
 p - 5 scrolls of identify {unknown}
 r - 2 scrolls of noise {unknown}
 B - a scroll of vulnerability {unknown}
 C - a scroll of torment {unknown}
 H - a scroll of amnesia {unknown}
Potions
 f - 7 potions of haste
 j - 2 potions of magic
 m - 2 potions of curing {unknown}
 o - 2 potions of might {unknown}
 t - a potion of heal wounds {unknown}
 x - 3 potions of attraction {unknown}
 z - a potion of cancellation {unknown}
 A - 2 potions of brilliance {unknown}
 D - a potion of lignification {unknown}
 E - 2 potions of flight {unknown}
 F - 2 potions of ambrosia {unknown}
 G - a potion of degeneration {unknown}
 I - a potion of experience {unknown}
 J - 2 potions of mutation {unknown}
 P - a potion of berserk rage {unknown}


   Skills:
 + Level 7.9 Fighting
 - Level 2.2 Short Blades
 * Level 9.8 Polearms
 + Level 9.1 Dodging
 - Level 10.1 Stealth
 - Level 4.0 Shields


You had 9 spell levels left.
You didn't know any spells.
Your spell library contained the following spells:

 Spells                   Type           Power      Damage    Failure   Level
 Corona                   Hex            0%         N/A       54%         1
 Magic Dart               Conj           0%         1d3       54%         1
 Pain                     Necr           0%         1d4       54%         1
 Call Imp                 Summ           0%         N/A       69%         2
 Ensorcelled Hibernation  Hex/Ice        0%         N/A       69%         2
 Static Discharge         Conj/Air       0%         N/A       69%         2
 Gell's Gravitas          Tloc           0%         N/A       89%         3
 Ignite Poison            Fire/Tmut/Pois 0%         N/A       89%         3
 Mephitic Cloud           Conj/Pois/Air  0%         N/A       89%         3
 Teleport Other           Tloc           0%         N/A       89%         3
 Tukima's Dance           Hex            0%         N/A       89%         3
 Bolt of Magma            Conj/Fire/Erth 0%         4d4       100%        5
 Lightning Bolt           Conj/Air       0%         1d11      100%        5
 Dispersal                Tloc           0%         N/A       100%        6
 Maxwell's Capacitive Co  Air            0%         ∞         100%        8


Dungeon Overview and Level Annotations

Branches:
Dungeon (10/15)            Temple (1/1) D:4             Orc (0/2) D:9
 Bailey (visited)
   Lair: D:8-11

Altars:
Cheibriados
Dithmenos
Elyvilon
Fedhas
Gozag
Hepliaklqana
Kikubaaqudgha
Makhleb
Nemelex Xobeh
Okawaru
Qazlal
Ru
Sif Muna
Trog
Uskayaw
Vehumet
Wu Jian
Xom
Yredelemnul
Zin
The Shining One

Shops:
D:7 (


Innate Abilities, Weirdness & Mutations

Your natural rate of healing is accelerated.
You have razor-sharp teeth.
You have supernaturally acute eyesight. (SInv)
You are afflicted with vampirism and can become a bat while bloodless.


Message History

Aim: a gnoll, wielding a +1 whip of freezing (about 26% to evade your +6 trident of draining)
You barely miss the gnoll.
You feel sick. You block the killer bee's attack.
The centaur barely misses you. The centaur closely misses you.
The gnoll barely misses you. The killer bee closely misses you.
The gnoll sergeant closely misses you.
Unknown command.
Unknown command.
Reach: b) +6 trident (drain)
Press: ? - help, Dir - move target, f - centaur, p - gnoll
Aim: a centaur, quivering arrows (almost dead, heavily drained, about 21% to evade your +6 trident of draining)
You puncture the centaur!
You kill the centaur!
You feel sick. The killer bee closely misses you. You block the gnoll's attack.
The gnoll hits you with a +1 whip of freezing!
* * * LOW HITPOINT WARNING * * *
The gnoll freezes you.
* * * LOW HITPOINT WARNING * * *
The killer bee is distracted by your dazzling golden aura.
The killer bee closely misses you. The gnoll sergeant barely misses you.
As you read the scroll of teleportation, it crumbles to dust.
You feel strangely unstable.
You feel sick.
The killer bee is no longer distracted by gold.
The killer bee is distracted by your dazzling golden aura.
You block the killer bee's attack.
The killer bee is distracted by your dazzling golden aura.
You block the gnoll's attack.
The gnoll hits you with a +1 whip of freezing!
* * * LOW HITPOINT WARNING * * *
The gnoll freezes you.
* * * LOW HITPOINT WARNING * * *
The killer bee misses you. You block the gnoll sergeant's attack.
The killer bee buzzes angrily. x2
It was a potion of magic.
Magic courses through your body.
You feel sick.
You are no longer poisoned.
The killer bee is no longer distracted by gold.
You block the killer bee's attack. You block the gnoll's attack.
The killer bee barely misses you.
The gnoll sergeant hits you from afar with a +0 trident!
You die...
Your body crumbles into a pile of gold.

#...# ..... #...########
$ ..... #...........
.....########...........
........................
.......................
...gg.................
♣♣♣$g$.♣♣♣♣.........<
♣♣@.♣.♣♣.♣.........
♣yy♣♣♣♣♣♣...........
♣..y .♣♣......... ♣...y
♣........ ♣....#
...###.. ♣:...# $
.....### ♣♣..# ♣......#
♣.#


You could see a gnoll sergeant, 4 killer bees and 2 gnolls.

Vanquished Creatures
  An orc warlord (Bailey)
  5 gargoyles (D:8)
  Prince Ribbit (D:8)
  2 wyverns
  2 steam dragons
  2 acid dragons
  2 water moccasins
  6 orc warriors
  A hornet zombie (D:6)
  An ice beast (D:5)
  A necrophage (D:7)
  4 ogres
  7 centaurs
  A bullfrog (D:6)
  A scorpion (D:6)
  2 gnoll sergeants
  2 water moccasin skeletons
  12 killer bees
  3 howler monkeys (D:8)
  5 orc priests
  A bullfrog zombie (D:6)
  3 hounds
  2 jellies
  A centaur skeleton (D:3)
  A gnoll shaman (D:8)
  Terence (D:2)
  9 orc wizards
  A hound zombie (D:5)
  A howler monkey zombie (D:7)
  A howler monkey skeleton (D:6)
  5 adders
  13 gnolls
  A shadow imp (D:6)
  2 dart slugs
  25 orcs
  4 endoplasms
  4 giant cockroaches
  12 goblins
  13 hobgoblins
  8 jackals
  A quokka (D:2)
  6 ball pythons
  5 bats
  A frilled lizard (D:2)
  20 kobolds
  A rat (D:2)
203 creatures vanquished.

Vanquished Creatures (others)
  A fungus (D:9)
  7 plants (D:9)
8 creatures vanquished.

Grand Total: 211 creatures vanquished

Notes
Turn   | Place    | Note
-------+----------+-------------------------------------------
     0 | D:5      | lunkers the Vampire Delver began the quest for the Orb.
     0 | D:5      | Reached XP level 1. HP: 17/17 MP: 1/1
    42 | D:5      | Noticed a hound
    88 | D:4      | Identified the +7 spear of Turmoil {drain, rF+ rC- Dex+5}
   122 | D:4      | Reached skill level 8 in Stealth
   122 | D:4      | Reached XP level 2. HP: 15/23 MP: 2/2
   162 | D:4      | Found a staircase to the Ecumenical Temple.
   190 | Temple   | Entered the Ecumenical Temple
   400 | Temple   | Became a worshipper of Gozag Ym Sagoz the Greedy
   455 | D:4      | Reached skill level 9 in Stealth
   455 | D:4      | Gained mutation: You are afflicted with vampirism and can
                  | become a bat while bloodless. [Vampire growth]
   455 | D:4      | Reached XP level 3. HP: 23/28 MP: 3/3
   502 | D:4      | Reached XP level 4. HP: 33/34 MP: 4/4
   555 | D:4      | Reached skill level 10 in Stealth
   896 | D:2      | Reached XP level 5. HP: 40/40 MP: 5/5
   999 | D:2      | Reached skill level 1 in Polearms
  1228 | D:2      | Noticed Terence
  1237 | D:2      | Killed Terence
  1654 | D:1      | You fall into a shaft and drop 1 floor!
  1805 | D:1      | Found a faded altar of an unknown god.
  2373 | D:3      | Noticed an ogre
  2379 | D:3      | Killed an ogre
  2380 | D:3      | Reached XP level 6. HP: 47/47 MP: 6/6
  2750 | D:3      | Found a shimmering blue altar of Sif Muna.
  2751 | D:3      | Found an ancient bone altar of Kikubaaqudgha.
  2751 | D:3      | Found a radiant altar of Vehumet.
  2754 | D:3      | Got Kikubaaqudgha's Guide on Evil Magic
  3315 | D:5      | Reached XP level 7. HP: 46/53 MP: 7/7
  4230 | D:6      | Reached skill level 5 in Dodging
  4230 | D:6      | Reached XP level 8. HP: 61/61 MP: 8/8
  4247 | D:6      | Found a hide-covered altar of Uskayaw.
  4494 | D:6      | Reached skill level 5 in Polearms
  4904 | D:6      | Reached skill level 1 in Shields
  4908 | D:6      | Reached skill level 5 in Fighting
  5275 | D:7      | Found a flagged portal.
  5303 | Bailey   | Entered a bailey
  5308 | Bailey   | Noticed an orc warlord
  5453 | Bailey   | Found a runed translucent gate.
  5455 | Bailey   | Found a runed translucent gate.
  5482 | Bailey   | Found a runed translucent gate.
  5875 | Bailey   | Killed an orc warlord
  5876 | Bailey   | Reached XP level 9. HP: 56/69 MP: 9/9
  5933 | Bailey   | Acquired 1014 gold pieces
  5962 | Bailey   | Acquired the amulet "Losa" {Reflect +Inv rCorr Str-3 Int+3
                  | SH+5}
  5964 | Bailey   | Acquired 556 gold pieces
  6012 | D:7      | Found a snail-covered altar of Cheibriados.
  6179 | D:7      | Found Uthekos's Antique Weapon Shoppe.
  7029 | D:8      | Reached XP level 10. HP: 69/77 MP: 10/10
  7183 | D:8      | Noticed Prince Ribbit
  7321 | D:8      | Killed Prince Ribbit
  7414 | D:8      | Noticed a gargoyle
  7426 | D:8      | Killed a gargoyle
  7615 | D:8      | You are sucked into a shaft and drop 1 floor!
  7843 | D:9      | Found a stormy altar of Qazlal.
  7844 | D:9      | Found a blossoming altar of Fedhas.
  8203 | D:9      | Found a staircase to the Orcish Mines.
  8594 | D:9      | Acquired 1340 gold pieces
  8644 | D:8      | Noticed a gargoyle
  8661 | D:8      | Found a bloodstained altar of Trog.
  8668 | D:8      | Killed a gargoyle
  8742 | D:8      | Noticed a gargoyle
  8751 | D:8      | Noticed a gargoyle
  8773 | D:8      | Killed a gargoyle
  8905 | D:8      | Noticed a gargoyle
  8914 | D:8      | Killed a gargoyle
  8918 | D:8      | Killed a gargoyle
  9237 | D:10     | Entered Level 10 of the Dungeon
  9305 | D:10     | HP: 4/80 [poisoned by a killer bee]
  9305 | D:10     | Mangled by a gnoll sergeant

Illustrated notes

Levels and vault maps discovered:
D:1:      grunt_arrival_crossed_arrows, layout_basic,
          shapermc_ecumenical_altar_hornbeckon, minmay_tetromino_s4
D:2:      layout_rooms, chequers_mini_garden, grunt_ministairs_5, uniq_terence
D:3:      layout_loops_corners, grunt_temple_overflow_magic_moments,
          serial_bayou_ford_a, chequers_avenue, minmay_misc_feat_diagonals
D:4:      layout_rooms, minmay_temple_entry_glass
D:5:      layout_basic, mainiacjoe_overflow_surrounded_room,
          kennysheep_generic_room_13, uniq_sigmund
D:6:      layout_basic, mainiacjoe_overflow_alcove_2
D:7:      layout_loops_ring, jmf_multi_god_temple, serial_shops,
          nicolae_shop_overgrown_old_shop, enter_bailey_4
D:8:      cheibrodos_statue_roulette, layout_basic, lightli_temple_of_fire,
          minivault_22, uniq_prince_ribbit1
D:9:      layout_loops_cross, grunt_temple_overflow_forces_of_nature,
          orc_0_dummy
D:10:     wad_woods_minihive, layout_irregular_city, nicolae_ashenzari_skybound,
          serial_shops, shop, uniq_snorg
Temple:   minmay_temple_curvy_loop

Skill      XL: |  1  2  3  4  5  6  7  8  9 10 |
---------------+-------------------------------+-----
Stealth        | 8 9 10 | 10.1
Polearms       | 2 3 4 7 9 |  9.8
Fighting       | 3 4 6 7 |  7.9
Dodging        | 3 5 7 9 |  9.1
Shields        | 3 4 |  4.0
Short Blades   | |  2.2

Action                   |  1- 3 |  4- 6 |  7- 9 | 10-12 || total
-------------------------+-------+-------+-------+-------++-------
Melee: Spear             |    16 |   129 |   204 |       ||   349
       Short sword       |     2 |       |       |       ||     2
       Bite              |       |     9 |    11 |    17 ||    37
       Trident           |       |       |    72 |   234 ||   306
Throw: Boomerang         |       |       |     3 |       ||     3
Evoke: Wand              |       |       |     4 |     3 ||     7
  Use: Scroll            |       |       |     3 |     7 ||    10
       Potion            |       |       |       |     1 ||     1
 Stab: Sleeping          |     3 |    30 |    11 |     3 ||    47
       Distracted        |     1 |     2 |     3 |     4 ||    10
Armor: Leather armour    |     3 |     7 |       |       ||    10
       Ring mail         |       |    11 |    21 |    26 ||    58
Dodge: Dodged            |     7 |    32 |    92 |    97 ||   228
Block: Buckler           |       |    11 |    70 |   129 ||   210
       Reflection        |       |       |       |    11 ||    11

Table legend: (Time is in decaauts)
 A = Elapsed time spent in this place.
 B = Non-inter-level travel time spent in this place.
 C = Inter-level travel time spent in this place.
 D = Time resting spent in this place.
 E = Time spent auto-exploring this place.
 F = Levels seen in this place.
 G = Mean time per level.
                   A        B        C        D        E       F      G
               +--------+--------+--------+--------+--------+-----+--------+
         Total |   9269 |   8686 |    583 |    265 |   6446 |  12 |  772.4 |
       Dungeon |   8362 |   7814 |    548 |    265 |   6180 |  10 |  836.2 |
        Temple |    245 |    210 |     35 |      0 |    195 |   1 |  245.0 |
        Bailey |    661 |    661 |      0 |      0 |     71 |   1 |  661.0 |
               +--------+--------+--------+--------+--------+-----+--------+

Top non-repeatable levels by time:
     D:8: 1274 daAuts
     D:6: 1204 daAuts
     D:7: 1109 daAuts
     D:3: 907 daAuts
     D:9: 900 daAuts
     D:5: 889 daAuts
     D:2: 815 daAuts
     D:1: 675 daAuts
  Bailey: 661 daAuts
     D:4: 525 daAuts
  Temple: 245 daAuts
    D:10: 59 daAuts
